IL
LAS VEGAS 51S @ INDIANAPOLIS INDIANS
07/10/2048
 
TOP OF THE 1ST
Las Vegas 51s batting - Pitching for Indianapolis Indians : RHP George Sechler
Pitching: RHP George Sechler
Batting: SHB Jason Larson 0-0: Ball
1-0: Ground out 3-1 (Groundball, 34S, EV 81.2 MPH)
Batting: RHB Ken Fitzpatrick 0-0: Called Strike
0-1: Foul Ball, location: 2F
0-2: Foul Ball, location: 2F
0-2: Foul Ball, location: 2F
0-2: Foul Ball, location: 2F
0-2: Ground out 5-3 (Groundball, 5L, EV 104.4 MPH)
Batting: RHB Josh Jones 0-0: Called Strike
0-1: Ball
1-1: Ball
2-1: Ball
3-1: Base on Balls
Batting: LHB Bill Armijo 0-0: Ball
1-0: Called Strike
Josh Jones steals 2nd base
1-1: Ball
2-1: Ball
3-1: Base on Balls
Batting: RHB Darwin Mills 0-0: Swinging Strike
0-1: Called Strike
0-2: Ball
1-2: Strikes out swinging
Top of the 1st over - 0 runs, 0 hits, 0 errors, 2 left on base; Las Vegas 0 - Indianapolis 0
BOTTOM OF THE 1ST
Indianapolis Indians batting - Pitching for Las Vegas 51s : RHP David Anzaldua
Pitching: RHP David Anzaldua
Batting: RHB Luis Ramos 0-0: Ball
1-0: Ball
2-0: Foul Ball, location: 2F
2-1: Fly out, F7 (Flyball, 78M, EV 91.9 MPH)
Batting: RHB Jerry Escamilla 0-0: Ground out 4-3 (Groundball, 4, EV 88.1 MPH)
Batting: LHB Alberto Figueroa 0-0: Ball
1-0: Fly out, F8 (Flyball, 8LXD, EV 106.9 MPH)
Bottom of the 1st over - 0 runs, 0 hits, 0 errors, 0 left on base; Las Vegas 0 - Indianapolis 0
TOP OF THE 2ND
Las Vegas 51s batting - Pitching for Indianapolis Indians : RHP George Sechler
Batting: RHB Devine Adams 0-0: Ball
1-0: Reached on error, E8 (Flyball, 8RD, EV 107.5 MPH)
Batting: RHB Zhao-ying Joe 0-0: Called Strike
0-1: Swinging Strike
0-2: Ball
1-2: Foul Ball, location: 2F
1-2: Strikes out looking
Batting: LHB Jose Chavez 0-0: Called Strike
0-1: Foul Ball, location: 2F
0-2: Fly out, F7 (Flyball, 7LSF, EV 91.2 MPH)
Batting: RHB Roger Renteria 0-0: Called Strike
0-1: Ball
1-1: Ground out 5-3 (Groundball, 5L, EV 81.2 MPH)
Top of the 2nd over - 0 runs, 0 hits, 1 error, 1 left on base; Las Vegas 0 - Indianapolis 0
BOTTOM OF THE 2ND
Indianapolis Indians batting - Pitching for Las Vegas 51s : RHP David Anzaldua
Batting: LHB Marc Carter 0-0: Ball
1-0: Ball
2-0: Ball
3-0: Base on Balls
Batting: RHB Caleb Russell 0-0: Ball
1-0: Called Strike
1-1: Fly out, F6 (Popup, P, EV 82.5 MPH)
Batting: RHB Bubba Tierney 0-0: Foul Ball, location: 2F
0-1: SINGLE (Groundball, 6D, EV 101.9 MPH)
Marc Carter to second
Batting: RHB Isaiah Yarbrough 0-0: Grounds into double play, 5-4-3 (Groundball, 56, EV 100.6 MPH)
Bottom of the 2nd over - 0 runs, 1 hit, 0 errors, 1 left on base; Las Vegas 0 - Indianapolis 0
TOP OF THE 3RD
Las Vegas 51s batting - Pitching for Indianapolis Indians : RHP George Sechler
Batting: SHB Jason Larson 0-0: Swinging Strike
0-1: Ground out 1-3 (Groundball, 13S, EV 72.5 MPH)
Batting: RHB Ken Fitzpatrick 0-0: Called Strike
0-1: Ball
1-1: Ground out 6-3 (Groundball, 56, EV 86.9 MPH)
Batting: RHB Josh Jones 0-0: Foul Ball, location: 2F
0-1: Swinging Strike
0-2: Ball
1-2: SINGLE (Groundball, 4D, EV 105.0 MPH)
Batting: LHB Bill Armijo 0-0: Called Strike
Josh Jones steals 2nd base
0-1: Ground out 4-3 (Groundball, 4, EV 83.8 MPH)
Top of the 3rd over - 0 runs, 1 hit, 0 errors, 1 left on base; Las Vegas 0 - Indianapolis 0
BOTTOM OF THE 3RD
Indianapolis Indians batting - Pitching for Las Vegas 51s : RHP David Anzaldua
Batting: RHB Matt Keef 0-0: SINGLE (Line Drive, 8LS, EV 105.6 MPH)
Batting: RHB Slamet Pamungkas 0-0: Fly out, F8 (Flyball, 8RD, EV 101.2 MPH)
Batting: RHB Luis Ramos 0-0: Ball
1-0: Ball
2-0: Ball
3-0: Base on Balls
Matt Keef to second
Batting: RHB Jerry Escamilla 0-0: Swinging Strike
0-1: Foul Ball, location: 2F
0-2: Ball
1-2: Fly out, F8 (Flyball, 8RD, EV 83.8 MPH)
Batting: LHB Alberto Figueroa 0-0: Fly out, F7 (Flyball, 7D, EV 95.6 MPH)
Bottom of the 3rd over - 0 runs, 1 hit, 0 errors, 2 left on base; Las Vegas 0 - Indianapolis 0
TOP OF THE 4TH
Las Vegas 51s batting - Pitching for Indianapolis Indians : RHP George Sechler
Batting: RHB Darwin Mills 0-0: Called Strike
0-1: Ball
1-1: Ball
2-1: Ground out 6-3 (Groundball, 6, EV 98.1 MPH)
Batting: RHB Devine Adams 0-0: Called Strike
0-1: Ball
1-1: Ball
2-1: Foul Ball, location: 2F
2-2: Ground out 6-3 (Groundball, 6, EV 83.8 MPH)
Batting: RHB Zhao-ying Joe 0-0: Called Strike
0-1: Fly out, F9 (Flyball, 89S, EV 85.6 MPH)
Top of the 4th over - 0 runs, 0 hits, 0 errors, 0 left on base; Las Vegas 0 - Indianapolis 0
BOTTOM OF THE 4TH
Indianapolis Indians batting - Pitching for Las Vegas 51s : RHP David Anzaldua
Batting: LHB Marc Carter 0-0: Called Strike
0-1: Ground out 5-3 (Groundball, 5, EV 76.9 MPH)
Batting: RHB Caleb Russell 0-0: DOUBLE (Line Drive, 7LS, EV 99.4 MPH)
Batting: RHB Bubba Tierney 0-0: Ground out 4-3 (Groundball, 34, EV 86.2 MPH)
Caleb Russell to third
Batting: RHB Isaiah Yarbrough 0-0: Swinging Strike
0-1: Ground out 6-3 (Groundball, 4MS, EV 77.5 MPH)
Bottom of the 4th over - 0 runs, 1 hit, 0 errors, 1 left on base; Las Vegas 0 - Indianapolis 0
TOP OF THE 5TH
Las Vegas 51s batting - Pitching for Indianapolis Indians : RHP George Sechler
Batting: LHB Jose Chavez 0-0: Ball
1-0: Swinging Strike
1-1: Swinging Strike
1-2: Foul Ball, location: 2F
1-2: Strikes out swinging
Batting: RHB Roger Renteria 0-0: Called Strike
0-1: Fly out, F9 (Flyball, 9LM, EV 81.2 MPH)
Batting: SHB Jason Larson 0-0: SINGLE (Groundball, 4MS, EV 67.5 MPH) (infield hit)
Batting: RHB Ken Fitzpatrick 0-0: Fielders Choice at 2nd, 6-4 (Groundball, 6, EV 101.9 MPH)
Top of the 5th over - 0 runs, 1 hit, 0 errors, 1 left on base; Las Vegas 0 - Indianapolis 0
BOTTOM OF THE 5TH
Indianapolis Indians batting - Pitching for Las Vegas 51s : RHP David Anzaldua
Batting: RHB Matt Keef 0-0: Called Strike
0-1: Ball
1-1: Ground out 5-3 (Groundball, 56, EV 103.1 MPH)
Batting: RHB Slamet Pamungkas 0-0: Ground out 4-3 (Groundball, 4, EV 85.6 MPH)
Batting: RHB Luis Ramos 0-0: Ball
1-0: Ball
2-0: Ground out 1-3 (Groundball, 15, EV 65.6 MPH)
Bottom of the 5th over - 0 runs, 0 hits, 0 errors, 0 left on base; Las Vegas 0 - Indianapolis 0
TOP OF THE 6TH
Las Vegas 51s batting - Pitching for Indianapolis Indians : RHP George Sechler
Batting: RHB Josh Jones 0-0: Ball
1-0: Foul Ball, location: 2F
1-1: Called Strike
1-2: Ball
2-2: Foul Ball, location: 2F
2-2: Strikes out looking
Batting: LHB Bill Armijo 0-0: Ball
1-0: Ball
2-0: Fly out, F9 (Line Drive, 9, EV 106.2 MPH)
Batting: RHB Darwin Mills 0-0: Foul Ball, location: 2F
0-1: Ball
1-1: Swinging Strike
1-2: Fly out, F8 (Flyball, 89D, EV 88.1 MPH)
Top of the 6th over - 0 runs, 0 hits, 0 errors, 0 left on base; Las Vegas 0 - Indianapolis 0
BOTTOM OF THE 6TH
Indianapolis Indians batting - Pitching for Las Vegas 51s : RHP David Anzaldua
Batting: RHB Jerry Escamilla 0-0: Ball
1-0: Ball
2-0: Ball
3-0: Swinging Strike
3-1: Foul Ball, location: 2F
3-2: Foul Ball, location: 2F
3-2: DOUBLE (Groundball, 3L, EV 108.1 MPH)
Batting: LHB Alberto Figueroa 0-0: Called Strike
0-1: Ground out 6-3 (Groundball, 6M, EV 100.6 MPH)
Jerry Escamilla to third
Batting: LHB Marc Carter 0-0: Ball
1-0: Ball
2-0: Called Strike
2-1: Ball
3-1: Called Strike
3-2: SINGLE (Line Drive, 7S, EV 100.0 MPH)
Jerry Escamilla scores
Batting: RHB Caleb Russell 0-0: Swinging Strike
0-1: Foul Ball, location: 2F
0-2: Ball
1-2: Ball
2-2: Ball
3-2: Base on Balls
Marc Carter to second
Batting: RHB Bubba Tierney 0-0: Ball
1-0: SINGLE (Line Drive, 34D, EV 100.6 MPH)
Marc Carter to third
Caleb Russell to second
Batting: RHB Isaiah Yarbrough 0-0: SINGLE (Line Drive, 8RS, EV 105.6 MPH)
Marc Carter scores
Caleb Russell to third
Bubba Tierney to second
Batting: RHB Matt Keef 0-0: Ball
1-0: Grounds into fielders choice 4-2 (Groundball, 34, EV 78.1 MPH)
Bubba Tierney to third
Isaiah Yarbrough to second
Batting: RHB Slamet Pamungkas 0-0: Swinging Strike
0-1: Ball
1-1: Foul Ball, location: 2F
1-2: Ball
2-2: Foul Ball, location: 2F
2-2: Foul Ball, location: 2F
2-2: Foul Ball, location: 2F
2-2: Ground out 4-3 (Groundball, 34, EV 103.1 MPH)
Bottom of the 6th over - 2 runs, 4 hits, 0 errors, 3 left on base; Las Vegas 0 - Indianapolis 2
TOP OF THE 7TH
Las Vegas 51s batting - Pitching for Indianapolis Indians : RHP George Sechler
Batting: RHB Devine Adams 0-0: Called Strike
0-1: Ground out 6-3 (Groundball, 6, EV 89.4 MPH)
Batting: RHB Zhao-ying Joe 0-0: Foul Ball, location: 2F
0-1: Foul Ball, location: 2F
0-2: Ball
1-2: Ball
2-2: Ball
3-2: Strikes out swinging
Batting: LHB Jose Chavez 0-0: Ball
1-0: Ball
2-0: Ball
3-0: Called Strike
3-1: Foul Ball, location: 2F
3-2: Ground out 6-3 (Groundball, 6, EV 87.5 MPH)
Top of the 7th over - 0 runs, 0 hits, 0 errors, 0 left on base; Las Vegas 0 - Indianapolis 2
BOTTOM OF THE 7TH
Indianapolis Indians batting - Pitching for Las Vegas 51s : RHP David Anzaldua
Batting: RHB Luis Ramos 0-0: Swinging Strike
0-1: Foul Ball, location: 2F
0-2: Ground out 6-3 (Groundball, 6, EV 89.4 MPH)
Batting: RHB Jerry Escamilla 0-0: Foul Ball, location: 2F
0-1: Ball
1-1: Ball
2-1: Swinging Strike
2-2: Strikes out swinging
Batting: LHB Alberto Figueroa 0-0: Ball
1-0: Foul Ball, location: 2F
1-1: Called Strike
1-2: Fly out, F8 (Flyball, 8LS, EV 76.2 MPH)
Bottom of the 7th over - 0 runs, 0 hits, 0 errors, 0 left on base; Las Vegas 0 - Indianapolis 2
TOP OF THE 8TH
Las Vegas 51s batting - Pitching for Indianapolis Indians : RHP George Sechler
Batting: RHB Roger Renteria 0-0: Called Strike
0-1: SINGLE (Groundball, 6MD, EV 95.0 MPH)
Batting: SHB Jason Larson 0-0: Ball
1-0: Ball
2-0: Called Strike
2-1: Called Strike
2-2: Foul Ball, location: 2F
2-2: DOUBLE (Line Drive, 78XD, EV 106.2 MPH)
Roger Renteria to third
Pitching: RHP Hugo Rodriguez
Batting: RHB Ken Fitzpatrick 0-0: Ball
1-0: Foul Ball, location: 2F
1-1: Foul Ball, location: 2F
1-2: Strikes out swinging
Batting: RHB Josh Jones 0-0: Ball
1-0: Called Strike
1-1: Ball
2-1: Called Strike
Passed Ball!
Roger Renteria scores
Jason Larson to third
2-2: Foul Ball, location: 2F
2-2: Ball
3-2: Ground out 5-3 (Groundball, 56S, EV 66.2 MPH)
Batting: LHB Bill Armijo 0-0: Ground out 4-3 (Groundball, 4, EV 96.9 MPH)
Top of the 8th over - 1 run, 2 hits, 0 errors, 1 left on base; Las Vegas 1 - Indianapolis 2
BOTTOM OF THE 8TH
Indianapolis Indians batting - Pitching for Las Vegas 51s : RHP David Anzaldua
Batting: LHB Marc Carter 0-0: Called Strike
0-1: Ball
1-1: Foul Ball, location: 2F
1-2: Ball
2-2: Fly out, F7 (Line Drive, 7S, EV 92.5 MPH)
Batting: RHB Caleb Russell 0-0: Called Strike
0-1: Fly out, F7 (Flyball, 7S, EV 90.6 MPH)
Batting: RHB Bubba Tierney 0-0: Ball
1-0: Ground out U3 (Groundball, 3, EV 106.9 MPH)
Bottom of the 8th over - 0 runs, 0 hits, 0 errors, 0 left on base; Las Vegas 1 - Indianapolis 2
TOP OF THE 9TH
Las Vegas 51s batting - Pitching for Indianapolis Indians : RHP Hugo Rodriguez
Pitching: RHP Robby Poyfair
Batting: RHB Darwin Mills 0-0: Ball
1-0: Called Strike
1-1: Called Strike
1-2: Ball
2-2: Strikes out swinging
Pinch Hitting: SHB Harrison Feist 0-0: Ball
1-0: Called Strike
1-1: Swinging Strike
1-2: Strikes out swinging
Batting: RHB Zhao-ying Joe 0-0: Called Strike
0-1: SINGLE (Groundball, 6D, EV 104.4 MPH)
Batting: LHB Jose Chavez 0-0: Called Strike
0-1: Ball
1-1: Foul Ball, location: 2F
1-2: Strikes out swinging
Top of the 9th over - 0 runs, 1 hit, 0 errors, 1 left on base; Las Vegas 1 - Indianapolis 2
Tuesday, March 28th , 2023 - OOTP Baseball 23.10 Build 110